Map: Primeval Wilds

Players

BobbyBlack - Winner!

  • Race: Protoss Protoss
  • Spawn Location: 6:00

Infamous - Winner!

  • Race: Protoss Protoss
  • League: Silver
  • Spawn Location: 6:00

slimekid - Winner!

  • Race: Protoss Protoss
  • Spawn Location: 5:00

jarper - Winner!

  • Race: Protoss Protoss
  • League: Bronze
  • Spawn Location: 7:00

hitchhiker

  • Race: Terran Terran
  • Spawn Location: 12:00

DragonSlayer

  • Race: Zerg Zerg
  • Spawn Location: 9:00

Panopticon

  • Race: Zerg Zerg
  • Spawn Location: 12:00

Gernic

  • Race: Protoss Protoss
  • League: Silver
  • Spawn Location: 3:00

VOD

Have the link to the VOD?

Description

Time

  • Played on: April 9, 2018, 12:13 p.m.
  • Length: 14:51
Show
View Real Time Build Order
Export as new Build Order

BobbyBlack Protoss - Winner!

Build Orders:  

Get SALT Encoding   

  12  0:01  Probe  
  13  0:13  Probe  
  14  0:25  Probe  
  15  0:31  Pylon  
  15  0:49  Probe (Chrono Boost)  
  16  0:53  Gateway  
  16  0:55  Forge  
  16  0:58  Probe (Chrono Boost)  
  16  1:04  Probe (Chrono Boost)  
  17  1:09  Assimilator  
  18  1:15  Probe  
  19  1:22  Gateway  
  19  1:28  Probe (Chrono Boost)  
  20  1:39  Probe (Chrono Boost)  
  21  1:40  Photon Cannon  
  21  1:44  Zealot  
  23  1:57  Pylon  
  23  2:04  Gateway  
  23  2:13  Cybernetics Core  
  23  2:21  Zealot (Chrono Boost)  
  25  2:23  Probe  
  26  2:36  Zealot (Chrono Boost), Protoss Ground Weapons Level 1  
  28  2:42  Assimilator  
  28  2:48  Warp Gate (Chrono Boost)  
  28  2:55  Stalker  
  30  3:01  Probe  
  31  3:13  Pylon  
  31  3:24  Twilight Council  
  31  3:31  Probe  
  31  3:32  Stalker  
  31  3:34  Zealot  
  36  3:41  Stalker  
  38  3:51  Pylon  
  38  4:18  Nexus  
  38  4:25  Pylon  
  38  4:35  Protoss Ground Weapons Level 2  
  38  4:46  Sentry  
  38  4:47  Stalker  
  42  4:53  Stalker  
  44  5:07  Blink (Chrono Boost)  
  44  5:23  Stalker  
  44  5:24  Zealot  
  48  5:34  Probe (Chrono Boost)  
  49  5:39  Photon Cannon  
  51  5:43  Probe (Chrono Boost)  
  51  5:45  Probe (Chrono Boost)  
  51  5:50  Sentry  
  51  5:55  Probe (Chrono Boost)  
  51  5:56  Probe (Chrono Boost)  
  55  6:07  Probe (Chrono Boost)  
  55  6:09  Probe (Chrono Boost)  
  55  6:11  Dark Shrine  
  57  6:13  Probe (Chrono Boost), Assimilator  
  57  6:18  Probe  
  59  6:32  Stalker x2  
  63  6:34  Zealot  
  63  6:36  Probe x2  
  67  6:48  Probe x2  
  67  6:49  Protoss Shields Level 1 (Chrono Boost)  
  67  6:52  Pylon  
  69  7:03  Probe  
  69  7:07  Assimilator  
  70  7:10  Probe  
  71  7:20  Probe  
  72  7:23  Probe, Dark Templar  
  72  7:24  Dark Templar  
  77  7:32  Probe  
  77  7:34  Nexus  
  78  7:37  Gateway  
  78  7:41  Pylon  
  78  7:55  Forge  
  78  7:58  Charge (Chrono Boost)  
  78  7:59  Probe x2  
  78  8:00  Pylon  
  80  8:11  Probe  
  68  8:13  Dark Templar x2  
  68  8:14  Dark Templar  
  74  8:22  Robotics Facility  
  74  8:25  Protoss Ground Armor Level 1 (Chrono Boost)  
  74  8:40  Pylon  
  74  8:47  Probe x2 (Chrono Boost)  
  77  8:49  Nexus  
  77  8:52  Probe (Chrono Boost), Shadow Stride (Chrono Boost)  
  77  8:57  Probe x2 (Chrono Boost), Dark Templar  
  77  9:00  Zealot  
  77  9:01  Probe (Chrono Boost), Zealot  
  86  9:08  Probe  
  86  9:09  Probe  
  88  9:11  Probe  
  88  9:16  Pylon  
  89  9:19  Pylon  
  89  9:20  Probe  
  89  9:21  Probe  
  91  9:31  Warp Prism (Chrono Boost)  
  93  9:40  Assimilator  
  93  9:41  Assimilator  
  93  9:45  Pylon  
  93  9:46  Robotics Facility  
  93  9:48  Probe x3, Robotics Bay  
  96  9:53  Pylon  
  96  10:00  Probe x3  
  99  10:10  Protoss Ground Weapons Level 3 (Chrono Boost)  
  99  10:12  Probe x3  
  102  10:15  Stalker x3  
  102  10:19  Observer (Chrono Boost)  
  109  10:22  Probe  
  109  10:24  Probe x3  
  109  10:27  Photon Cannon  
  113  10:31  Pylon  
  113  10:34  Probe  
  114  10:36  Probe  
  115  10:46  Probe x3  
  115  10:48  Probe  
  117  11:02  Nexus  
  106  11:43  Dark Templar x4  
  110  11:49  Probe x2  
  110  11:51  Assimilator, Extended Thermal Lance  
  110  11:53  Disruptor (Chrono Boost)  
  121  12:05  Colossus (Chrono Boost)  
  121  12:10  Robotics Facility  
  121  12:13  Probe x2  
  123  12:19  Nexus  
  123  12:27  Warp Prism  
  125  12:32  Pylon  
  125  12:35  Photon Cannon  
  125  12:38  Photon Cannon  
  125  12:44  Stalker x3  
  125  12:45  Stalker  
  119  13:29  Stalker x4  
  133  13:43  Colossus (Chrono Boost)  
  133  13:46  Probe x2  
  135  13:49  Assimilator  
  135  13:53  Pylon  
  135  13:55  Dark Templar x3  
  137  13:56  Dark Templar  
  137  14:01  Colossus (Chrono Boost)  
  143  14:05  Immortal (Chrono Boost)  
  153  14:20  Gateway  
  153  14:22  Gateway  
  153  14:23  Gateway  
  152  14:29  Assimilator  
  144  14:39  Dark Templar x4  
Show
View Real Time Build Order
Export as new Build Order

Infamous Protoss - Winner!

Build Orders: Zealot Archon 

Get SALT Encoding   

  12  0:01  Probe  
  13  0:15  Pylon  
  13  0:22  Probe (Chrono Boost)  
  14  0:34  Probe (Chrono Boost)  
  14  0:35  Gateway  
  15  0:40  Probe (Chrono Boost)  
  16  0:49  Assimilator  
  16  0:52  Probe  
  16  0:57  Assimilator  
  17  1:07  Probe  
  18  1:19  Probe  
  18  1:23  Cybernetics Core  
  19  1:31  Probe  
  20  1:40  Pylon  
  20  1:51  Probe  
  20  1:53  Warp Gate (Chrono Boost)  
  21  2:00  Adept  
  23  2:04  Probe  
  24  2:20  Probe  
  25  2:25  Gateway  
  25  2:26  Gateway  
  25  2:32  Probe, Pylon  
  26  2:40  Twilight Council  
  26  2:46  Probe  
  27  2:57  Adept  
  29  2:59  Probe  
  30  3:14  Resonating Glaives (Chrono Boost)  
  30  3:24  Gateway  
  30  3:28  Probe  
  31  3:40  Probe  
  32  3:47  Adept x3  
  38  3:55  Probe  
  39  4:15  Pylon  
  39  4:17  Nexus  
  39  4:32  Pylon  
  39  4:33  Pylon  
  39  4:39  Adept x4  
  47  4:59  Forge  
  47  5:01  Adept x2  
  47  5:02  Adept  
  53  5:39  Adept x4  
  53  5:41  Probe  
  62  5:53  Probe  
  63  6:03  Assimilator  
  63  6:05  Templar Archives  
  63  6:07  Assimilator  
  63  6:14  Pylon  
  55  6:37  Stalker x4  
  63  6:41  Probe  
  64  6:53  Probe  
  64  6:54  Gateway  
  65  6:55  Gateway  
  65  7:00  Gateway  
  65  7:05  Probe  
  66  7:17  Probe  
  66  7:20  Protoss Ground Armor Level 1 (Chrono Boost)  
  67  7:23  Blink (Chrono Boost)  
  67  7:26  Psionic Storm  
  67  7:29  Probe  
  68  7:30  High Templar  
  68  7:31  High Templar x2  
  74  7:41  Probe  
  75  7:55  Robotics Facility  
  75  7:56  Archon  
  75  8:01  High Templar  
  75  8:02  High Templar x2  
  81  8:14  Archon  
  81  8:21  Archon  
  81  8:22  Zealot x2  
  85  8:31  Pylon  
  85  8:34  Pylon  
  85  8:36  Pylon  
  85  8:45  Probe, Nexus  
  86  8:51  Probe  
  86  8:54  Observer  
  88  8:57  Probe  
  87  9:25  High Templar x2  
  87  9:26  High Templar x3  
  97  9:43  Pylon  
  97  9:45  Pylon  
  97  9:50  Pylon  
  97  9:53  High Templar  
  97  9:54  Pylon, High Templar  
  97  9:57  Archon x3  
  97  9:59  Pylon  
  101  10:06  Sentry  
  103  10:20  Observer  
  104  10:33  Photon Cannon  
  104  10:36  Photon Cannon  
  104  10:41  Photon Cannon  
  104  10:43  Photon Cannon  
  104  10:47  Photon Cannon  
  104  10:50  Photon Cannon  
  104  10:59  Photon Cannon  
  104  11:03  Photon Cannon  
  104  11:06  Photon Cannon  
  104  11:08  Photon Cannon  
  104  11:14  Photon Cannon  
  104  11:34  Sentry  
  104  11:35  Sentry x4  
  104  11:36  Sentry x2  
  118  11:40  Protoss Ground Weapons Level 1 (Chrono Boost)  
  118  11:48  Probe x2  
  118  11:49  Probe  
  121  12:00  Probe  
  122  12:12  Photon Cannon  
  122  12:14  Photon Cannon  
  122  12:19  Photon Cannon  
  122  12:23  Photon Cannon, High Templar x2  
  122  12:24  High Templar x2  
  122  12:26  Photon Cannon  
  130  12:31  Photon Cannon  
  130  12:35  Photon Cannon  
  130  12:37  Photon Cannon  
  94  12:56  Archon  
  94  12:57  Archon  
  66  13:20  High Templar  
  66  13:21  High Templar x3  
  66  13:23  Zealot x3  
  76  13:46  Stalker x3  
  82  14:10  Stalker x4  
  82  14:11  Stalker x3  
  96  14:36  Stalker  
  96  14:37  Stalker x5  
  96  14:38  Stalker  
Show
View Real Time Build Order
Export as new Build Order

slimekid Protoss - Winner!

Build Orders:  

Get SALT Encoding   

  12  0:03  Probe  
  13  0:30  Pylon  
  13  0:40  Probe (Chrono Boost)  
  14  0:52  Probe (Chrono Boost)  
  15  0:59  Pylon  
  15  1:10  Forge  
  15  1:25  Gateway  
  15  1:26  Gateway  
  15  1:28  Probe (Chrono Boost)  
  16  1:37  Probe (Chrono Boost)  
  17  1:42  Gateway  
  17  1:45  Assimilator  
  17  2:17  Pylon  
  17  2:19  Zealot x2  
  21  2:28  Cybernetics Core  
  21  2:38  Gateway  
  21  2:51  Photon Cannon  
  19  3:32  Stalker x2  
  23  3:36  Stalker  
  25  3:44  Photon Cannon  
  25  3:51  Photon Cannon  
  25  3:55  Stalker  
  25  3:58  Probe  
  28  4:18  Stalker  
  30  4:24  Probe  
  30  4:30  Stalker  
  24  5:39  Nexus  
  24  5:48  Pylon  
  24  5:49  Nexus  
  24  5:54  Assimilator  
  24  6:00  Photon Cannon  
  21  6:49  Probe  
  22  7:15  Stalker  
  24  7:18  Photon Cannon  
  24  7:25  Photon Cannon  
  24  7:28  Pylon  
  24  7:42  Nexus  
  24  7:45  Assimilator  
  24  7:47  Probe  
  24  7:49  Assimilator  
  25  7:53  Photon Cannon  
  25  7:59  Probe  
  25  8:00  Stalker  
  28  8:10  Stargate  
  28  8:11  Probe  
  29  8:13  Stargate  
  29  8:23  Probe  
  30  8:35  Probe  
  30  8:40  Warp Gate (Chrono Boost)  
  31  9:25  Pylon  
  31  9:30  Probe x2  
  33  9:37  Photon Cannon  
  33  9:40  Phoenix  
  33  9:42  Probe x2, Phoenix  
  33  9:43  Pylon  
  33  9:44  Stalker  
  41  9:54  Probe  
  42  10:07  Phoenix  
  42  10:11  Phoenix  
  46  10:19  Pylon  
  46  10:38  Pylon  
  46  10:45  Nexus  
  46  10:49  Phoenix  
  48  10:57  Phoenix  
  50  11:24  Phoenix x2  
  54  11:34  Photon Cannon  
  54  11:36  Probe x2  
  54  11:37  Pylon  
  56  11:40  Pylon  
  56  11:46  Protoss Air Weapons Level 1 (Chrono Boost)  
  56  11:51  Phoenix  
  58  11:56  Probe  
  59  12:02  Probe x2  
  61  12:09  Probe  
  62  12:16  Phoenix  
  62  12:19  Probe  
  51  13:04  Phoenix x2  
  49  13:29  Phoenix x2  
  51  13:54  Phoenix x2  
  51  14:07  Stalker x2  
  51  14:08  Stalker  
  57  14:16  Probe x2  
  57  14:17  Probe  
  60  14:20  Phoenix x2  
  64  14:28  Probe x2  
  64  14:29  Probe  
Show
View Real Time Build Order
Export as new Build Order

jarper Protoss - Winner!

Build Orders:  

Get SALT Encoding   

  12  0:01  Probe (Chrono Boost)  
  13  0:10  Probe (Chrono Boost)  
  14  0:15  Probe (Chrono Boost)  
  15  0:26  Pylon  
  15  0:44  Probe  
  16  0:53  Forge  
  16  0:56  Probe (Chrono Boost)  
  17  1:08  Probe (Chrono Boost)  
  18  1:13  Probe (Chrono Boost)  
  19  1:22  Pylon, Probe  
  20  1:31  Pylon  
  20  1:34  Probe  
  20  1:37  Pylon  
  21  1:41  Photon Cannon  
  21  1:51  Photon Cannon  
  20  2:09  Probe  
  21  2:17  Gateway  
  21  2:21  Probe  
  22  2:23  Assimilator  
  22  2:28  Assimilator  
  22  2:33  Probe  
  23  2:40  Nexus  
  23  2:52  Pylon  
  23  3:06  Cybernetics Core  
  23  3:10  Probe  
  24  3:13  Pylon  
  24  3:22  Probe  
  24  3:25  Photon Cannon  
  25  3:31  Photon Cannon  
  25  3:42  Assimilator  
  25  3:46  Stargate  
  25  3:55  Stargate  
  25  4:01  Probe  
  26  4:13  Probe  
  27  4:22  Protoss Shields Level 1  
  27  4:36  Assimilator  
  28  4:38  Probe (Chrono Boost)  
  28  4:47  Void Ray (Chrono Boost)  
  28  4:48  Probe (Chrono Boost)  
  33  4:53  Probe (Chrono Boost)  
  33  4:57  Pylon  
  34  5:03  Void Ray (Chrono Boost)  
  34  5:04  Probe, Protoss Air Weapons Level 1  
  39  5:17  Probe  
  40  5:34  Void Ray (Chrono Boost)  
  44  5:37  Probe (Chrono Boost)  
  45  5:44  Void Ray (Chrono Boost)  
  45  5:47  Probe (Chrono Boost)  
  50  5:52  Probe (Chrono Boost)  
  51  6:03  Probe (Chrono Boost)  
  52  6:15  Probe (Chrono Boost)  
  53  6:21  Probe (Chrono Boost)  
  54  6:30  Probe  
  55  6:33  Void Ray  
  59  6:42  Probe  
  59  6:43  Pylon  
  59  6:45  Pylon  
  60  6:51  Twilight Council  
  60  7:00  Void Ray  
  48  8:44  Void Ray x2  
  48  8:47  Protoss Shields Level 2  
  56  8:50  Protoss Air Armor Level 1  
  56  8:59  Stargate  
  56  9:00  Stargate  
  56  9:10  Pylon  
  56  9:12  Pylon  
  56  9:18  Pylon  
  56  9:27  Void Ray x2  
  64  9:32  Photon Cannon  
  64  9:34  Photon Cannon  
  64  9:44  Photon Cannon  
  64  9:48  Photon Cannon  
  64  9:53  Photon Cannon  
  64  10:02  Void Ray  
  64  10:03  Void Ray  
  72  10:16  Fleet Beacon  
  72  10:20  Robotics Facility  
  72  10:23  Pylon  
  72  10:27  Pylon  
  60  11:21  Protoss Shields Level 3  
  60  11:24  Void Ray x3  
  60  11:25  Void Ray  
  76  11:28  Protoss Air Weapons Level 2 (Chrono Boost)  
  76  11:29  Observer  
  77  11:50  Observer  
  78  12:19  Void Ray x3  
  90  12:25  Void Ray  
  94  13:02  Void Ray x2  
  94  13:04  Observer  
  103  13:18  Void Ray  
Show
View Real Time Build Order
Export as new Build Order

hitchhiker Terran 

Build Orders:  

Get SALT Encoding   

  12  0:03  SCV  
  13  0:16  Supply Depot  
  13  0:21  SCV  
  14  0:27  Refinery  
  14  0:38  SCV  
  15  0:46  Barracks  
  15  0:50  SCV  
  16  1:16  SCV  
  17  1:28  SCV  
  17  1:29  Refinery  
  18  1:56  SCV  
  18  2:01  Marine  
  19  2:03  Factory  
  19  2:04  Bunker  
  20  2:08  SCV  
  21  2:23  SCV  
  22  2:30  Marine  
  23  2:40  Orbital Command  
  22  3:06  Marine  
  23  3:34  Factory Tech Lab  
  23  3:38  Starport  
  23  3:53  Supply Depot  
  23  4:03  Command Center  
  23  4:04  Marine  
  23  4:07  Siege Tank  
  27  4:17  Medivac  
  29  4:27  Supply Depot  
  32  4:55  Cyclone  
  32  5:17  Liberator  
  35  5:40  Engineering Bay  
  35  5:55  SCV  
  36  5:59  SCV  
  37  6:07  SCV  
  38  6:19  SCV  
  39  6:31  SCV  
  40  6:44  SCV  
  41  6:48  Missile Turret  
  41  6:53  Missile Turret  
  39  7:37  Missile Turret  
  36  8:12  Missile Turret  
  36  8:17  Command Center  
  36  9:18  Widow Mine  
  35  9:37  Starport Reactor  
  35  9:39  Siege Tank  
  35  9:40  Refinery  
  35  9:45  Factory  
  38  9:49  Armory  
  38  9:58  Command Center  
  38  10:12  Siege Tank  
  41  10:32  Barracks Tech Lab  
  41  10:37  Armory  
  41  10:44  Siege Tank  
  35  11:16  Hellion  
  34  11:37  Hellion  
  36  11:47  Factory Tech Lab  
  36  11:50  SCV  
  37  11:56  SCV  
  38  12:02  SCV  
  38  12:04  Supply Depot  
  38  12:08  SCV  
  40  12:10  Siege Tank  
  40  12:14  SCV  
  44  12:20  SCV  
  45  12:22  Terran Vehicle And Ship Armor Level 1  
  45  12:24  Terran Vehicle Weapons Level 1  
  45  12:26  SCV  
  43  12:30  Supply Depot  
  43  12:32  SCV  
  38  12:38  SCV  
  38  12:42  Siege Tank  
  42  12:44  SCV  
  40  12:54  Supply Depot  
  36  13:09  Hellion  
  35  13:14  Siege Tank, Orbital Command  
  35  13:17  Supply Depot  
  35  13:30  Hellion  
  34  13:46  Hellion  
  36  13:52  Hellion  
  28  14:01  SCV  
  18  14:08  Hellion  
Show
View Real Time Build Order
Export as new Build Order

DragonSlayer Zerg 

Build Orders: Pool First 

Get SALT Encoding   

  12  0:08  Extractor  
  11  0:20  Drone x3  
  14  0:39  Overlord  
  14  1:01  Drone  
  15  1:23  Spawning Pool  
  14  1:27  Evolution Chamber  
  14  1:31  Drone  
  14  1:32  Drone  
  15  1:59  Zerg Melee Weapons Level 1  
  15  2:11  Metabolic Boost  
  15  2:20  Overlord x2  
  15  2:34  Drone  
  16  2:55  Hatchery  
  15  3:54  Zergling x6  
  18  4:03  Lair  
  18  4:27  Zergling x4  
  20  4:38  Drone x3  
  23  4:47  Extractor  
  23  4:50  Overlord x2  
  23  4:51  Overlord  
  22  5:16  Drone x2  
  24  5:22  Drone x2  
  26  5:36  Drone x2  
  28  5:58  Roach Warren  
  28  6:02  Spire  
  26  6:05  Drone  
  26  6:06  Drone  
  26  6:10  Overlord  
  28  6:24  Extractor  
  27  6:37  Zerg Ground Armor Level 1  
  27  6:41  Drone x3  
  26  7:14  Hydralisk Den  
  23  7:26  Infestation Pit  
  22  7:40  Mutalisk x3  
  28  7:58  Drone x2  
  30  8:07  Hive  
  31  8:20  Drone x2  
  30  8:38  Mutalisk x3  
  34  8:56  Drone x2  
  34  9:01  Drone  
  37  9:19  Greater Spire  
  37  9:27  Hydralisk x2  
  37  9:28  Hydralisk  
  43  9:37  Corruptor x2  
  43  9:38  Corruptor  
  49  9:50  Extractor  
  48  10:12  Drone x2  
  48  10:13  Drone  
  51  11:24  Mutalisk  
  51  11:25  Mutalisk x2  
  55  11:30  Brood Lord x3  
  63  11:36  Corruptor x2  
  67  11:53  Overlord x2  
  67  11:58  Overlord x2  
  67  12:07  Zerg Missile Weapons Level 1  
  67  12:13  Grooved Spines  
  67  12:15  Tunneling Claws  
  67  12:23  Brood Lord x2  
  71  12:36  Lurker Den  
  41  12:59  Mutalisk x3  
  41  13:04  Mutalisk x3  
Show
View Real Time Build Order
Export as new Build Order

Panopticon Zerg 

Build Orders: Hatch First 

Get SALT Encoding   

  12  0:02  Drone  
  13  0:09  Drone  
  14  0:44  Overlord  
  14  0:52  Hatchery  
  14  0:55  Extractor  
  14  0:56  Drone x2, Extractor  
  14  1:23  Spawning Pool  
  14  1:24  Drone x3  
  16  2:00  Hatchery  
  15  2:02  Drone  
  15  2:03  Drone x2  
  18  2:10  Queen  
  20  2:16  Zergling x2  
  21  2:31  Drone  
  21  2:33  Baneling Nest  
  21  3:05  Zergling x2  
  21  3:06  Overlord x2  
  21  3:19  Lair  
  22  3:20  Drone  
  22  3:35  Zergling x4  
  22  3:37  Baneling x2  
  22  3:38  Zergling x2  
  22  3:39  Zergling x2  
  27  3:48  Drone x2  
  27  3:50  Drone  
  29  3:57  Zergling x2  
  29  4:01  Baneling x4  
  30  4:05  Baneling x4  
  31  4:10  Drone  
  31  4:19  Centrifical Hooks  
  31  4:25  Drone  
  31  4:26  Drone  
  31  4:29  Drone  
  34  4:34  Baneling x2  
  34  4:48  Queen  
  34  4:51  Extractor, Drone x2  
  34  4:52  Extractor  
  36  4:53  Drone  
  36  4:57  Drone  
  36  4:58  Drone  
  38  5:34  Burrow  
  38  5:42  Drone x2  
  40  5:43  Drone x2  
  40  5:44  Drone, Overlord  
  40  5:45  Overlord x4  
  40  5:47  Overlord  
  41  6:14  Zergling x4  
  41  6:15  Zergling x10  
  48  6:19  Metabolic Boost  
  47  6:25  Spire  
  47  6:31  Zergling x4  
  47  6:32  Zergling x2  
  47  6:38  Drone  
  47  6:39  Drone  
  46  7:16  Baneling x2  
  46  7:17  Baneling x4  
  46  7:23  Baneling  
  46  7:24  Baneling x6  
  46  7:37  Corruptor x2  
  46  7:38  Corruptor x4  
  46  7:42  Corruptor  
  60  7:48  Zerg Flyer Weapons Level 1  
  53  8:13  Corruptor x3  
  59  8:20  Drone x3  
  59  8:21  Drone x2  
  64  8:28  Corruptor  
  66  8:35  Corruptor  
  68  8:42  Corruptor  
  68  8:47  Corruptor  
  72  9:01  Corruptor x2  
  76  9:03  Overlord  
  76  9:08  Corruptor  
  78  9:14  Corruptor  
  80  9:24  Corruptor  
  80  9:25  Infestation Pit  
  80  9:30  Corruptor  
  83  9:35  Corruptor  
  85  9:41  Corruptor  
  87  9:47  Corruptor  
  89  9:53  Corruptor  
  89  9:59  Corruptor  
  93  10:09  Hive  
Show
View Real Time Build Order
Export as new Build Order

Gernic Protoss 

Build Orders:  

Get SALT Encoding   

  12  0:02  Probe (Chrono Boost)  
  13  0:16  Probe (Chrono Boost)  
  14  0:33  Pylon  
  14  0:35  Probe  
  15  0:52  Probe  
  16  0:57  Gateway  
  16  2:07  Pylon  
  16  2:08  Pylon  
  16  2:12  Pylon  
  16  2:35  Cybernetics Core  
  16  2:53  Probe (Chrono Boost)  
  16  2:55  Assimilator  
  17  3:03  Probe (Chrono Boost)  
  18  3:21  Forge  
  18  3:44  Probe (Chrono Boost)  
  19  3:50  Assimilator  
  19  3:54  Probe (Chrono Boost)  
  20  4:01  Probe (Chrono Boost)  
  21  4:11  Photon Cannon  
  21  4:12  Photon Cannon  
  21  4:15  Photon Cannon  
  21  4:19  Photon Cannon  
  21  4:22  Photon Cannon  
  21  4:39  Nexus  
  21  4:43  Probe (Chrono Boost)  
  23  4:52  Probe (Chrono Boost)  
  23  4:53  Pylon  
  23  4:57  Probe (Chrono Boost)  
  24  5:42  Stargate  
  24  5:44  Stargate  
  24  5:49  Probe (Chrono Boost)  
  25  5:56  Probe (Chrono Boost)  
  26  5:57  Protoss Air Weapons Level 1  
  26  5:59  Probe (Chrono Boost)  
  26  6:03  Probe (Chrono Boost)  
  28  6:06  Probe (Chrono Boost)  
  30  6:11  Probe (Chrono Boost)  
  30  6:15  Probe (Chrono Boost)  
  31  6:22  Probe (Chrono Boost)  
  31  6:23  Probe (Chrono Boost)  
  33  6:29  Probe  
  33  6:32  Probe  
  35  6:44  Probe, Robotics Facility  
  36  6:54  Void Ray x2  
  36  6:56  Probe  
  45  7:08  Probe (Chrono Boost)  
  46  7:20  Probe (Chrono Boost), Assimilator  
  47  7:22  Assimilator  
  47  7:27  Probe (Chrono Boost)  
  47  7:28  Pylon  
  48  7:32  Stargate  
  48  7:34  Probe  
  48  7:36  Observer  
  50  7:57  Observer  
  43  8:31  Void Ray x2  
  51  9:08  Probe (Chrono Boost)  
  52  9:31  Stargate  
  52  9:32  Stargate  
  52  9:36  Fleet Beacon  
  52  9:47  Pylon  
  52  9:48  Pylon  
  52  9:58  Pylon  
  52  10:18  Pylon  
  51  10:45  Void Ray x2  
  51  10:46  Void Ray x3  
  71  10:56  Observer  
  71  10:57  Photon Cannon  
  71  11:09  Photon Cannon  
  52  11:51  Probe (Chrono Boost)  
  53  11:59  Pylon  
  53  12:01  Probe (Chrono Boost)  
  54  12:02  Pylon  
  54  12:06  Probe (Chrono Boost)  
  55  12:11  Pylon  
  55  12:13  Pylon  
  55  12:16  Pylon  
  55  12:17  Probe  
  56  12:23  Photon Cannon  
  56  12:25  Photon Cannon  
  56  12:29  Probe  
  29  12:55  Void Ray x4  
  29  12:56  Void Ray  
  48  13:31  Photon Cannon  
  48  13:33  Photon Cannon  
  48  13:35  Photon Cannon  
  48  13:38  Void Ray x5  
  48  13:39  Photon Cannon  
  68  13:41  Photon Cannon  
  68  13:43  Photon Cannon  
  68  13:45  Photon Cannon  
  68  13:49  Photon Cannon  
  68  13:50  Pylon  
  68  13:53  Shield Battery  
  68  13:54  Shield Battery  
  68  14:01  Photon Cannon  
  68  14:04  Photon Cannon  
Tags
 
Add a new tag
Caveats
  • Supply blocks, unpowered buildings, or Contaminate may cause inaccurate times.
  • Supply counts are checked every 10 seconds.